 Dungeon Crawl Stone Soup version 0.18.1-48-g4cf74bf (webtiles) character file.

1652 tyranidshit the Fighter (level 8, -3/71 (72) HPs)
             Began as a Demonspawn Abyssal Knight on Sept 9, 2016.
             Was an Elder of Lugonu.
             Shot with an arrow by a centaur (5 damage)
             ... on level 7 of the Dungeon.
             The game lasted 00:15:20 (4687 turns).

tyranidshit the Fighter (Demonspawn Abyssal Knight) Turns: 4687, Time: 00:15:20

HP:   -3/71 (72)    AC:  9    Str: 15    XL:     8   Next: 68%
MP:   9/9           EV:  9    Int: 13    God:    Lugonu [****..]
Gold: 275           SH:  0    Dex: 13    Spells: 0 memorised, 7 levels left

rFire  . . .     SeeInvis .     v - +0 battleaxe
rCold  + . .     Gourm    +     k - +0 scale mail
rNeg   . . .     Faith    .     (shield currently unavailable)
rPois  .         Spirit   .     (helmet unavailable)
rElec  .         Dismiss  .     (no cloak)
rCorr  +         Reflect  .     (no gloves)
SustAt .         Harm     .     l - +1 pair of boots
MR     .....                    w - amulet of the gourmand
Stlth  ..........               t - ring of resist corrosion
                                o - ring of protection from cold

@: not resistant to hostile enchantments, extremely unstealthy
A: claws 1, horns 3, powered by death 1, powered by pain 1
a: Depart the Abyss, Bend Space, Banish, Corrupt, Renounce Religion


You were on level 7 of the Dungeon.
You worshipped Lugonu.
Lugonu was greatly pleased with you.
You were not hungry.

You visited 1 branch of the dungeon, and saw 7 of its levels.
You visited the Abyss 1 time.
You also visited: Ossuary.

You collected 275 gold pieces.

Inventory:

Hand Weapons
 a - a +1 hand axe
 m - a +1 mace of crushing
 v - a +0 battleaxe (weapon)
Armour
 b - a +0 leather armour
 f - a +0 shield
 k - a +0 scale mail (worn)
 l - a +1 pair of boots (worn)
Jewellery
 c - an uncursed amulet of harm
 d - an uncursed ring of wizardry
 i - an uncursed ring of magical power
 o - a ring of protection from cold (left claw)
 t - a ring of resist corrosion (right claw)
 w - an amulet of the gourmand (around neck)
Wands
 g - a wand of flame (25/48)
 s - a wand of confusion (3/48)
 x - a wand of iceblast (10/15)
Scrolls
 e - 6 scrolls of identify
 j - 5 scrolls of remove curse
 r - 3 scrolls of teleportation
Potions
 q - 2 potions of magic
Books
 u - a book of Geomancy

   Spells                             Type                      Level
   a - Sandblast                      Earth                        1
   b - Passwall                       Transmutation/Earth          2
   c - Stone Arrow                    Conjuration/Earth            3
   d - Petrify                        Transmutation/Earth          4
   e - Lee's Rapid Deconstruction     Earth                        5
Comestibles
 h - 2 meat rations
 n - 2 bread rations
 p - 2 beef jerkies
 z - a fruit


   Skills:
 - Level 10.1 Fighting
 + Level 3.9 Axes
 + Level 3.7 Armour
 - Level 0.8 Dodging
 - Level 2.4 Invocations


You had 7 spell levels left.
You didn't know any spells.

Dungeon Overview and Level Annotations

Branches:
Dungeon (7/15)             Temple (0/1) D:4

Altars:
Dithmenos
Vehumet

Annotations:
D:7 Joseph


Innate Abilities, Weirdness & Mutations

You have sharp fingernails.
You have a pair of large horns on your head.
You regenerate a little health from kills.
You sometimes gain a little power by taking damage.


Message History

* * * LOW HITPOINT WARNING * * *
The arrow burns you.
* * * LOW HITPOINT WARNING * * *
You see here an arrow.
The centaur shoots an arrow.
The arrow hits you but does no damage.
You see here an arrow.
The centaur shoots an arrow.
The arrow hits you.
* * * LOW HITPOINT WARNING * * *
The arrow burns you.
* * * LOW HITPOINT WARNING * * *
You see here an arrow.
The centaur shoots an arrow.
The arrow hits you.
* * * LOW HITPOINT WARNING * * *
The arrow burns you.
* * * LOW HITPOINT WARNING * * *
You see here an arrow.
The centaur shoots an arrow.
The arrow hits you!
* * * LOW HITPOINT WARNING * * *
The arrow burns you.
You die...

########### #.........# ### #....
#.##......#########.[ #....
#.##..(...#.......... #....#
#.##......#......o... ####....
#..#@(....#....(.....
#.......#####.#......#......(((.
#........#....#......#........#.
#.....##.#[#..#.....(#(.....(...
#.....>[.............c(.(..(.(..
##....#.#...#..#(..##########.#..
....#.#.#####..#....# #..........
....#.#...........#.###..........
......#.###########..............


You could see a centaur.

Vanquished Creatures
  A hippogriff (D:7)
  A sky beast (D:5)
  The ghost of Lovchig the Shield-Bearer, an amateur DDFi (D:3)
  A necrophage (D:6)
  4 giant frogs
  2 scorpions
  A howler monkey (D:6)
  2 giant frog zombies
  4 orc priests
  A hound (D:4)
  A centaur skeleton (D:6)
  2 giant frog skeletons
  A human zombie (Ossuary)
  5 orc wizards
  3 iguanas
  A worker ant (D:6)
  A hound zombie (D:5)
  A worker ant zombie (D:6)
  4 gnolls (D:4)
  9 adders
  A shadow imp (D:6)
  An ooze (D:2)
  An adder skeleton (D:4)
  3 adder zombies
  4 worms
  5 giant geckos
  16 orcs
  2 ball pythons
  10 bats
  9 giant cockroaches
  A gnoll zombie (Ossuary)
  5 hobgoblins
  6 jackals (D:4)
  7 kobolds
  3 quokkas
  A giant newt (D:2)
  13 goblins
  A hobgoblin zombie (Ossuary)
  2 kobold zombies (Ossuary)
  A quokka skeleton (D:4)
  4 rats
142 creatures vanquished.

Notes
Turn   | Place    | Note
--------------------------------------------------------------
     0 | Abyss:1  | tyranidshit the Demonspawn Abyssal Knight began the quest for the Orb.
     0 | Abyss:1  | Reached XP level 1. HP: 18/18 MP: 2/2
    85 | Abyss:1  | Noticed a quasit
    88 | Abyss:1  | Noticed a large abomination
    89 | D:1      | Escaped the Abyss
   259 | D:1      | Reached * piety under Lugonu
   372 | D:1      | Gained mutation: You regenerate a little health from kills. [demonic ancestry]
   372 | D:1      | Reached XP level 2. HP: 16/24 MP: 3/3
   704 | D:2      | Reached skill level 4 in Fighting
   718 | D:2      | Gained mutation: You have sharp fingernails. [demonic ancestry]
   718 | D:2      | Reached XP level 3. HP: 22/30 MP: 4/4
   963 | D:2      | Reached ** piety under Lugonu
  1309 | D:3      | Reached skill level 5 in Fighting
  1309 | D:3      | Reached XP level 4. HP: 30/39 MP: 5/5
  1367 | D:3      | Noticed Lovchig's ghost (amateur DDFi)
  1510 | D:4      | Found a staircase to the Ecumenical Temple.
  1695 | D:4      | Reached skill level 6 in Fighting
  1695 | D:4      | Gained mutation: You have a pair of small horns on your head. [demonic ancestry]
  1695 | D:4      | Reached XP level 5. HP: 11/46 MP: 6/6
  1825 | D:4      | Found a shadowy altar of Dithmenos.
  2027 | D:5      | Entered Level 5 of the Dungeon
  2067 | D:5      | Gained mutation: You have a pair of horns on your head. [demonic ancestry]
  2067 | D:5      | Reached XP level 6. HP: 49/53 MP: 7/7
  2093 | D:5      | Reached skill level 7 in Fighting
  2236 | D:5      | Reached *** piety under Lugonu
  2383 | D:5      | Noticed a sky beast
  2398 | D:5      | Killed a sky beast
  2780 | D:6      | Found a sand-covered staircase.
  2798 | Ossuary  | Entered an ossuary
  2848 | Ossuary  | Reached skill level 8 in Fighting
  2848 | Ossuary  | Gained mutation: You have a pair of large horns on your head. [demonic ancestry]
  2848 | Ossuary  | Reached XP level 7. HP: 34/62 MP: 8/8
  2857 | Ossuary  | Noticed Lovchig's ghost (novice DDFi)
  3008 | D:6      | Reached skill level 9 in Fighting
  3233 | D:6      | Found a radiant altar of Vehumet.
  3284 | D:6      | Gained mutation: You sometimes gain a little power by taking damage. [demonic ancestry]
  3284 | D:6      | Reached XP level 8. HP: 51/72 MP: 9/9
  3302 | D:6      | Reached skill level 10 in Fighting
  3799 | D:3      | Killed Lovchig's ghost
  3954 | D:3      | Reached **** piety under Lugonu
  4398 | D:7      | Noticed Joseph
  4687 | D:7      | HP: 2/71 [centaur/arrow (9)]
  4687 | D:7      | Shot with an arrow by a centaur

Skill      XL: |  1  2  3  4  5  6  7  8 |
---------------+-------------------------+-----
Fighting       | 4 5 6 8 9 10 | 10.1
Axes           | 3 |  3.9
Armour         | 3 |  3.7
Dodging        | |  0.8
Invocations    | |  2.4

Action                   |  1- 3 |  4- 6 |  7- 9 || total
-------------------------+-------+-------+-------++-------
Melee: Hand axe          |   128 |   208 |    25 ||   361
       Mace              |     6 |    14 |       ||    20
       Headbutt          |       |    24 |    40 ||    64
       Battleaxe         |       |       |   173 ||   173
Invok: Depart the Abyss  |     1 |       |       ||     1
Evoke: Wand              |       |       |     4 ||     4
  Use: Scroll            |     2 |     5 |     2 ||     9
       Potion            |     1 |     6 |       ||     7
  Eat: Bread ration      |     1 |       |       ||     1
       Meat ration       |       |     1 |     1 ||     2
       Royal jelly       |       |       |     1 ||     1
Armor: Leather armour    |    32 |       |       ||    32
       Scale mail        |    29 |   104 |   148 ||   281
Dodge: Dodged            |    91 |    77 |   141 ||   309
Block: Shield            |       |    56 |     9 ||    65
